AoeStats
← Long John Silver

African Clearing

506354760Analyzed
3v3 RM · 19d ago on Sep 13, 2026· 37m 56s· 6 players
Game mode
Random Map
Map size
Normal (6 player)
Population
200
Speed
Normal
Resources
Standard
Victory
Conquest
Starting age
Dark Age
Ending age
Imperial Age
RankedLock teamsTeams togetherTeam positionsShared explorationLock speedFull tech treeHidden civsTurbo modeCheats
Victory
Defeat
🇩🇪 Maya · Germany
1447
+14
🇮🇹 Persians · Italy
1320
+19
🇳🇬 Britons · Nigeria
1313
+20
🇨🇭 Ethiopians · Switzerland
1464
-21
🇨🇭 Inca · Switzerland
1383
-17
🇨🇭 Teutons · Switzerland
1343
-15
ChnebelSchnägg
3:45 Loom
13:41 Feudal Age
18:09 Castle Age
17:03 Champi Runner
20:22 Scale Mail Armor
24:43 Fletching
29:35 Horse Collar
29:41 Double-Bit Axe
34:57 Wheelbarrow
34:28 Fletching
34:53 Forging
39:29 Imperial Age
[PSCH] Girithron
9:02 Loom
11:58 Feudal Age
12:49 Double-Bit Axe
17:06 Fletching
22:20 Horse Collar
26:40 Castle Age
24:56 Scale Mail Armor
26:42 Forging
28:41 Chain Mail Armor
29:01 Bow Saw
28:53 Heavy Plow
28:41 Town Watch
29:34 Wheelbarrow
[PSCH] Reh
13:05 Feudal Age
13:58 Double-Bit Axe
16:45 Castle Age
14:45 Gold Mining
16:57 Scale Mail Armor
17:32 Squires
17:47 Bow Saw
18:37 Loom
19:22 Forging
20:30 Horse Collar
24:39 Heavy Plow
25:30 Elite Skirmisher
26:18 Crossbowman
27:07 Padded Archer Armor
26:59 Fletching
28:25 Padded Archer Armor
29:16 Stone Mining
30:58 Bodkin Arrow
32:37 Wheelbarrow
33:26 Ballistics
34:01 Leather Archer Armor
34:43 Hand Cart
36:12 Town Watch
Tattico87
12:49 Feudal Age
14:37 Loom
14:54 Double-Bit Axe
17:24 Castle Age
18:39 Bow Saw
21:08 Horse Collar
23:13 Forging
23:53 Scale Barding Armor
24:19 Heavy Plow
24:31 Bloodlines
25:02 Chain Barding Armor
25:22 Gold Mining
27:10 Gold Shaft Mining
28:37 Husbandry
30:33 Wheelbarrow
31:48 Iron Casting
32:37 Stone Mining
33:14 Hand Cart
34:44 Stone Shaft Mining
34:29 Fletching
34:39 Padded Archer Armor
34:01 Crossbowman
35:45 Thumb Ring
35:36 Bodkin Arrow
39:06 Imperial Age
37:06 Kamandaran
37:36 Leather Archer Armor
D_Baron
4:04 Loom
13:42 Feudal Age
14:28 Town Watch
15:50 Fletching
24:42 Wheelbarrow
26:11 Castle Age
24:48 Wheelbarrow
26:40 Double-Bit Axe
26:47 Gold Mining
26:39 Horse Collar
26:48 Crossbowman
28:11 Wheelbarrow
30:06 Bodkin Arrow
30:45 Heavy Plow
30:57 Bow Saw
34:02 Ballistics
Long John Silver
10:22 Loom
12:49 Feudal Age
16:49 Castle Age
15:21 Double-Bit Axe
15:17 Horse Collar
17:52 Bow Saw
17:42 Heavy Plow
18:37 Fletching
25:04 Wheelbarrow
24:15 Town Watch
26:53 Bodkin Arrow
27:07 Gold Mining
27:11 Stone Mining
30:52 Ballistics
34:11 Padded Archer Armor
37:31 Imperial Age
35:54 Thumb Ring
36:45 Leather Archer Armor
38:14 Bracer
Connection lost

Rejoining the realm…

Still unreachable

The connection could not be restored.

Session expired

The server has moved on; the page needs a fresh start.